AoeStats
← crypto_zhupel

Arena

504775801Analyzed
2v2 RM · 25d ago on Sep 6, 2026· 62m 44s· 4 players
Game mode
Random Map
Map size
Medium (4 player)
Population
200
Speed
Normal
Resources
Standard
Victory
Conquest
Starting age
Dark Age
Ending age
Imperial Age
RankedLock teamsTeams togetherTeam positionsShared explorationLock speedFull tech treeHidden civsTurbo modeCheats
Victory
Defeat
🇦🇷 Celts · Argentina
1455
+15
🇦🇹 Franks · Austria
1427
+16
🇷🇺 Byzantines · Russia
1433
-16
🇷🇺 Bulgarians · Russia
1415
-15
youteGG_mangoneluser
11:11 Feudal Age
15:12 Castle Age
14:27 Double-Bit Axe
14:22 Horse Collar
21:27 Loom
30:14 Wheelbarrow
32:20 Imperial Age
30:37 Scale Barding Armor
31:04 Forging
31:31 Chain Barding Armor
31:51 Wheelbarrow
34:07 Conscription
34:57 Plate Barding Armor
35:39 Chemistry
35:13 Bow Saw
35:40 Fletching
36:26 Iron Casting
37:37 Elite Cataphract
39:51 Logistica
40:10 Heavy Plow
42:10 Husbandry
42:51 Light Cavalry
47:09 Hoardings
49:15 Heavy Camel Rider
50:37 Hand Cart
53:03 Hussar
crypto_zhupel
6:33 Loom
6:39 Loom
10:30 Feudal Age
12:49 Double-Bit Axe
25:11 Castle Age
24:16 Wheelbarrow
24:18 Stone Mining
25:53 Horse Collar
27:25 Bow Saw
30:29 Fletching
33:33 Hand Cart
33:23 Heavy Plow
38:17 Imperial Age
36:46 Scale Mail Armor
36:49 Gold Mining
37:32 Chain Mail Armor
37:34 Bodkin Arrow
37:10 Pikeman
37:36 Gambesons
37:57 Squires
37:44 Arson
39:11 Gold Shaft Mining
46:50 Forging
47:19 Scale Barding Armor
47:01 Light Cavalry
47:53 Bloodlines
48:01 Husbandry
49:17 Iron Casting
49:46 Hussar
50:48 Chain Barding Armor
53:24 Blast Furnace
53:02 Plate Barding Armor
57:16 Crop Rotation
58:16 Blast Furnace
61:17 Plate Mail Armor
Mr Ozima
10:52 Feudal Age
12:44 Wheelbarrow
11:54 Loom
13:00 Double-Bit Axe
15:23 Castle Age
24:15 Wheelbarrow
25:08 Bow Saw
28:37 Hand Cart
30:44 Scale Mail Armor
30:54 Forging
35:11 Imperial Age
33:37 Chain Mail Armor
33:43 #83
35:11 Iron Casting
34:52 Gold Mining
35:26 Squires
36:28 Plate Mail Armor
36:31 Elite Throwing Axeman
37:10 Fletching
37:58 Gold Shaft Mining
38:15 Conscription
38:45 Conscription
38:51 Capped Ram
39:48 Scale Barding Armor
40:44 Blast Furnace
39:47 Husbandry
39:08 Cavalier
42:09 Chain Barding Armor
44:18 Hoardings
45:40 Town Watch
46:07 Bodkin Arrow
46:52 Plate Barding Armor
46:00 Light Cavalry
48:34 Paladin
52:35 Caravan
56:57 Masonry
57:48 Chemistry
57:09 Ballistics
62:30 Chivalry
LVDB_NicolasRT
10:34 Feudal Age
12:53 Loom
15:32 Castle Age
13:54 Horse Collar
14:28 Double-Bit Axe
22:09 Wheelbarrow
23:29 Town Watch
23:39 Pikeman
31:27 Ballistics
34:35 Imperial Age
32:26 Gold Mining
32:28 Stone Mining
34:08 Scale Mail Armor
34:18 Forging
34:50 Halberdier
36:04 Chain Mail Armor
35:53 Treadmill Crane
37:08 Masonry
36:52 Fletching
38:22 Hand Cart
39:59 Siege Engineers
42:42 Bodkin Arrow
43:56 Conscription
43:21 Heavy Scorpion
44:31 Furor Celtica
45:14 Gold Shaft Mining
45:15 Stone Shaft Mining
44:59 Bow Saw
46:04 Heavy Plow
45:36 Capped Ram
48:59 Siege Ram
50:22 Plate Mail Armor
50:28 Iron Casting
51:56 Chemistry
52:32 Iron Casting
54:52 Caravan
55:26 Arson
62:05 Blast Furnace
62:18 Onager
Connection lost

Rejoining the realm…

Still unreachable

The connection could not be restored.

Session expired

The server has moved on; the page needs a fresh start.